PBL
COLORADO ROCKIES @ SAN DIEGO PADRES
11/03/2051
 
TOP OF THE 1ST
Colorado Rockies batting - Pitching for San Diego Padres : RHP Ángel Solís
Pitching: RHP Ángel Solís
Batting: LHB Pierre Boucher 0-0: Ball
1-0: Called Strike
1-1: Foul Ball, location: 2F
1-2: Foul Ball, location: 2F
1-2: Ball
2-2: Strikes out swinging
Batting: RHB Vincent Watson 0-0: Fly out, F8 (Line Drive, 8LD)
Batting: RHB Eric Webb 0-0: Swinging Strike
0-1: Swinging Strike
0-2: Ball
1-2: Foul Ball, location: 2F
1-2: Strikes out swinging
Top of the 1st over - 0 runs, 0 hits, 0 errors, 0 left on base; Colorado 0 - San Diego 0
BOTTOM OF THE 1ST
San Diego Padres batting - Pitching for Colorado Rockies : RHP Bryan Smith
Pitching: RHP Bryan Smith
Batting: SHB Yoshitsune Ohara 0-0: Called Strike
0-1: Ball
1-1: SINGLE (Line Drive, 9LS)
Batting: LHB António López 0-0: Foul Ball, location: 2F
0-1: Ball
1-1: Called Strike
1-2: Strikes out looking
Batting: LHB Jorge Becerra 0-0: Ball
1-0: Foul Ball, location: 2F
1-1: Called Strike
1-2: Strikes out swinging
Batting: RHB John Howe 0-0: Ball
1-0: Fly out, F8 (Flyball, 8RM)
Bottom of the 1st over - 0 runs, 1 hit, 0 errors, 1 left on base; Colorado 0 - San Diego 0
TOP OF THE 2ND
Colorado Rockies batting - Pitching for San Diego Padres : RHP Ángel Solís
Batting: RHB Duane Hansen 0-0: Fly out, F8 (Flyball, 78S)
Batting: RHB Walt Woodland 0-0: Ball
1-0: Ground out 1-3 (Groundball, 13)
Batting: LHB Mario Otero 0-0: Ball
1-0: Ball
2-0: Fly out, F9 (Flyball, 89D)
Top of the 2nd over - 0 runs, 0 hits, 0 errors, 0 left on base; Colorado 0 - San Diego 0
BOTTOM OF THE 2ND
San Diego Padres batting - Pitching for Colorado Rockies : RHP Bryan Smith
Batting: LHB Nelson Parker 0-0: Ball
1-0: Ball
2-0: Called Strike
2-1: Ball
3-1: Base on Balls
Batting: RHB Edwin Valstar 0-0: Ball
1-0: Called Strike
1-1: Ball
2-1: Swinging Strike
2-2: Foul Ball, location: 2F
2-2: Foul Ball, location: 2F
2-2: Strikes out swinging
Batting: LHB Jack MacGruder 0-0: Called Strike
0-1: Foul Ball, location: 2F
0-2: Ball
1-2: Fly out, F1 (Line Drive, P)
Batting: RHB Bruce Boyer 0-0: Fly out, F7 (Flyball, 7LDF)
Bottom of the 2nd over - 0 runs, 0 hits, 0 errors, 1 left on base; Colorado 0 - San Diego 0
TOP OF THE 3RD
Colorado Rockies batting - Pitching for San Diego Padres : RHP Ángel Solís
Batting: RHB Yeijiro Eida 0-0: Foul Ball, location: 2F
0-1: Foul Ball, location: 2F
0-2: Strikes out swinging
Batting: RHB Michael Newsome 0-0: Called Strike
0-1: Ball
1-1: Foul Ball, location: 2F
1-2: Foul Ball, location: 2F
1-2: Ball
2-2: Foul Ball, location: 2F
2-2: Fly out, F9 (Flyball, 9S)
Batting: LHB Ray Gruamach 0-0: Ball
1-0: Ground out 3-1 (Groundball, 34)
Top of the 3rd over - 0 runs, 0 hits, 0 errors, 0 left on base; Colorado 0 - San Diego 0
BOTTOM OF THE 3RD
San Diego Padres batting - Pitching for Colorado Rockies : RHP Bryan Smith
Batting: RHB Justin Mills 0-0: Ball
1-0: Ball
2-0: Foul Ball, location: 2F
2-1: Ball
3-1: Called Strike
3-2: Ground out 6-3 (Groundball, 6MS)
Batting: SHB Yoshitsune Ohara 0-0: Ball
1-0: Foul Ball, location: 2F
1-1: Swinging Strike
1-2: Foul Ball, location: 2F
1-2: Fly out, F4 (Popup, 34S)
Batting: LHB António López 0-0: SOLO HOME RUN (Flyball, 9D), Distance : 397 ft
Batting: LHB Jorge Becerra 0-0: Ball
1-0: Swinging Strike
1-1: Foul Ball, location: 2F
1-2: Ground out 4-3 (Groundball, 4)
Bottom of the 3rd over - 1 run, 1 hit, 0 errors, 0 left on base; Colorado 0 - San Diego 1
TOP OF THE 4TH
Colorado Rockies batting - Pitching for San Diego Padres : RHP Ángel Solís
Batting: LHB Pierre Boucher 0-0: Ball
1-0: Ball
2-0: Ground out 4-3 (Groundball, 4)
Batting: RHB Vincent Watson 0-0: Ball
1-0: Called Strike
1-1: Ground out 4-3 (Groundball, 4)
Batting: RHB Eric Webb 0-0: Swinging Strike
0-1: Foul Ball, location: 2F
0-2: Fly out, F7 (Flyball, 7LS)
Top of the 4th over - 0 runs, 0 hits, 0 errors, 0 left on base; Colorado 0 - San Diego 1
BOTTOM OF THE 4TH
San Diego Padres batting - Pitching for Colorado Rockies : RHP Bryan Smith
Batting: RHB John Howe 0-0: Called Strike
0-1: Ball
1-1: Swinging Strike
1-2: Fly out, F9 (Flyball, 9S)
Batting: LHB Nelson Parker 0-0: Ball
1-0: Called Strike
1-1: Fly out, F9 (Flyball, 9D)
Batting: RHB Edwin Valstar 0-0: Ball
1-0: Foul Ball, location: 2F
1-1: Ball
2-1: Swinging Strike
2-2: Strikes out swinging
Bottom of the 4th over - 0 runs, 0 hits, 0 errors, 0 left on base; Colorado 0 - San Diego 1
TOP OF THE 5TH
Colorado Rockies batting - Pitching for San Diego Padres : RHP Ángel Solís
Batting: RHB Duane Hansen 0-0: Ball
1-0: Foul Ball, location: 2F
1-1: Ball
2-1: Swinging Strike
2-2: Hit by Pitch
Batting: RHB Walt Woodland 0-0: Called Strike
0-1: Ball
1-1: SINGLE (Line Drive, 89M)
Duane Hansen to second
Batting: LHB Mario Otero 0-0: Ball
1-0: Bunted foul
1-1: Sac Bunt to P - play at first, batter OUT! 1-4
Duane Hansen to third
Walt Woodland to second
Batting: RHB Yeijiro Eida 0-0: Ball
1-0: SINGLE (Groundball, 56D)
Duane Hansen scores
Walt Woodland to third
Runner from 3rd tries for Home, SAFE, no throw by LF
Batting: RHB Michael Newsome 0-0: Foul Ball, location: 2F
0-1: Foul Ball, location: 2F
0-2: Strikes out swinging
Batting: LHB Ray Gruamach 0-0: Fly out, F7 (Flyball, 78D)
Top of the 5th over - 2 runs, 2 hits, 0 errors, 1 left on base; Colorado 2 - San Diego 1
BOTTOM OF THE 5TH
San Diego Padres batting - Pitching for Colorado Rockies : RHP Bryan Smith
Batting: LHB Jack MacGruder 0-0: Called Strike
0-1: Ball
1-1: Ball
2-1: Ball
3-1: Swinging Strike
3-2: Foul Ball, location: 2F
3-2: Foul Ball, location: 2F
3-2: Base on Balls
Batting: RHB Bruce Boyer 0-0: Ball
1-0: Called Strike
1-1: Sac Bunt to 3S - play at first, batter OUT! 3-4
Jack MacGruder to second
Batting: RHB Justin Mills 0-0: Ball
1-0: SINGLE (Groundball, 56D)
Jack MacGruder to third
Runner from 3rd tries for Home, SAFE, throw by LF to home
Batting: SHB Yoshitsune Ohara Pickoff Throw to First - Error! E1
Justin Mills to second
0-0: Ball
1-0: Swinging Strike
1-1: Foul Ball, location: 2F
1-2: Foul Ball, location: 2F
1-2: Ball
2-2: Strikes out swinging
Batting: LHB António López 0-0: Ball
1-0: Called Strike
1-1: Ball
2-1: Ball
3-1: Foul Ball, location: 2F
3-2: Ground out 5-3 (Groundball, 56S)
Bottom of the 5th over - 1 run, 1 hit, 1 error, 1 left on base; Colorado 2 - San Diego 2
TOP OF THE 6TH
Colorado Rockies batting - Pitching for San Diego Padres : RHP Ángel Solís
Batting: LHB Pierre Boucher 0-0: Fly out, F9 (Flyball, 9LMF)
Batting: RHB Vincent Watson 0-0: Ball
1-0: DOUBLE (Flyball, 8RXD)
Batting: RHB Eric Webb 0-0: Ball
1-0: Called Strike
1-1: Swinging Strike
1-2: Foul Ball, location: 2F
1-2: Foul Ball, location: 2F
1-2: Ball
2-2: Strikes out swinging
Batting: RHB Duane Hansen 0-0: Called Strike
0-1: Ball
1-1: Ground out 4-3 (Groundball, 4)
Top of the 6th over - 0 runs, 1 hit, 0 errors, 1 left on base; Colorado 2 - San Diego 2
BOTTOM OF THE 6TH
San Diego Padres batting - Pitching for Colorado Rockies : RHP Bryan Smith
Pitching: RHP Manny Martínez
Batting: LHB Jorge Becerra 0-0: Ball
1-0: Ground out U3 (Groundball, 34)
Batting: RHB John Howe 0-0: Called Strike
0-1: Ball
1-1: Ball
2-1: Ball
3-1: Swinging Strike
3-2: Base on Balls
Batting: LHB Nelson Parker 0-0: Ball
1-0: Ball
2-0: Ball
3-0: Called Strike
3-1: Foul Ball, location: 2F
3-2: Strikes out swinging
John Howe steals 2nd base (no throw)
Batter strikes out.
Batting: RHB Edwin Valstar 0-0: Ball
1-0: Called Strike
1-1: Ball
2-1: Ball
3-1: SINGLE (Groundball, 56D)
John Howe to third
Runner from 3rd tries for Home, SAFE, no throw by LF
Batting: LHB Jack MacGruder 0-0: Called Strike
0-1: Ball
1-1: Ball
2-1: Ball
Wild Pitch!
Edwin Valstar to second
3-1: Base on Balls
Batting: RHB Bruce Boyer 0-0: Swinging Strike
0-1: Ball
1-1: Foul Ball, location: 2F
1-2: SINGLE (Groundball, 4MD)
Edwin Valstar to third
Jack MacGruder to second
Runner from 3rd tries for Home, SAFE, no throw by CF
Batting: RHB Justin Mills 0-0: Ball
1-0: Ground out 1-3 (Groundball, P)
Bottom of the 6th over - 2 runs, 2 hits, 0 errors, 2 left on base; Colorado 2 - San Diego 4
TOP OF THE 7TH
Colorado Rockies batting - Pitching for San Diego Padres : RHP Ángel Solís
Batting: RHB Walt Woodland 0-0: Called Strike
0-1: Foul Ball, location: 2F
0-2: Foul Ball, location: 2F
0-2: Ground out 2-3 (Groundball, 2L)
Batting: LHB Mario Otero 0-0: Called Strike
0-1: Ball
1-1: Swinging Strike
1-2: Ball
2-2: Fly out, F8 (Line Drive, 8RM)
Batting: RHB Yeijiro Eida 0-0: Swinging Strike
0-1: Called Strike
0-2: Ball
1-2: SINGLE (Groundball, 6D)
Pitching: RHP Miquel Geerlof
Batting: RHB Michael Newsome 0-0: DOUBLE (Line Drive, 3D)
Yeijiro Eida to third
Runner from 3rd tries for Home, SAFE, throw by RF to home
Batting: LHB Ray Gruamach 0-0: Ball
1-0: Ball
Wild Pitch!
Michael Newsome to third
2-0: Called Strike
2-1: Ball
3-1: Base on Balls
Batting: LHB Pierre Boucher 0-0: Called Strike
0-1: Ball
1-1: Ball
2-1: Ball
3-1: Base on Balls
Ray Gruamach to second
Batting: RHB Vincent Watson 0-0: Ball
1-0: Called Strike
1-1: Ball
2-1: Ball
3-1: Called Strike
3-2: Base on Balls
Michael Newsome scores
Ray Gruamach to third
Pierre Boucher to second
Batting: RHB Eric Webb 0-0: Ball
1-0: Called Strike
1-1: Ball
2-1: Ball
3-1: TRIPLE (Flyball, 89XD)
Ray Gruamach scores
Pierre Boucher scores
Vincent Watson scores
Pitching: RHP Juan López
Batting: RHB Duane Hansen 0-0: Called Strike
0-1: Ball
1-1: Foul Ball, location: 2F
1-2: SINGLE (Line Drive, 9S)
Eric Webb scores
Batting: RHB Walt Woodland 0-0: SINGLE (Groundball, 4MD)
Duane Hansen to second
Batting: LHB Mario Otero 0-0: Called Strike
0-1: Foul Ball, location: 2F
0-2: Foul Ball, location: 2F
0-2: Ball
Wild Pitch!
Duane Hansen to third
Walt Woodland to second
1-2: Ball
2-2: Foul Ball, location: 2F
2-2: Foul Ball, location: 2F
2-2: Strikes out looking
Top of the 7th over - 6 runs, 5 hits, 0 errors, 2 left on base; Colorado 8 - San Diego 4
BOTTOM OF THE 7TH
San Diego Padres batting - Pitching for Colorado Rockies : RHP Manny Martínez
Pitching: RHP Jeremy McNeil
Batting: SHB Yoshitsune Ohara 0-0: Foul Ball, location: 2F
0-1: Fly out, F7 (Flyball, 7LDF)
Batting: LHB António López 0-0: Called Strike
0-1: Ball
1-1: Ball
2-1: Fly out, F7 (Flyball, 7LSF)
Batting: LHB Jorge Becerra 0-0: Called Strike
0-1: SINGLE (Flyball, 7LM)
Batting: RHB John Howe 0-0: Called Strike
Jorge Becerra steals 2nd base (no throw)
0-1: Ball
1-1: Ball
2-1: Ball
3-1: Ground out 6-3 (Groundball, 6M)
Bottom of the 7th over - 0 runs, 1 hit, 0 errors, 1 left on base; Colorado 8 - San Diego 4
TOP OF THE 8TH
Colorado Rockies batting - Pitching for San Diego Padres : RHP Juan López
Batting: RHB Yeijiro Eida 0-0: Called Strike
0-1: Fly out, F5 (Popup, 5SF)
Batting: RHB Michael Newsome 0-0: Called Strike
0-1: Hit by Pitch
Batting: LHB Ray Gruamach 0-0: Called Strike
Michael Newsome is caught stealing 2nd base 2-6
0-1: Ball
1-1: Fly out, F4 (Popup, 3S)
Top of the 8th over - 0 runs, 0 hits, 0 errors, 0 left on base; Colorado 8 - San Diego 4
BOTTOM OF THE 8TH
San Diego Padres batting - Pitching for Colorado Rockies : RHP Jeremy McNeil
Batting: LHB Nelson Parker 0-0: Ball
1-0: Ground out U3 (Groundball, 34S)
Batting: RHB Edwin Valstar 0-0: Ball
1-0: Ball
2-0: Ball
3-0: Called Strike
3-1: Swinging Strike
3-2: Strikes out swinging
Batting: LHB Jack MacGruder 0-0: Ball
1-0: Ball
2-0: Ball
3-0: Base on Balls
Batting: RHB Bruce Boyer 0-0: Ball
1-0: Ground out 2-3 (Groundball, 2R)
Bottom of the 8th over - 0 runs, 0 hits, 0 errors, 1 left on base; Colorado 8 - San Diego 4
TOP OF THE 9TH
Colorado Rockies batting - Pitching for San Diego Padres : RHP Juan López
Batting: LHB Pierre Boucher 0-0: Foul Ball, location: 2F
0-1: Swinging Strike
0-2: Strikes out swinging
Batting: RHB Vincent Watson 0-0: SINGLE (Groundball, 34D)
Batting: RHB Eric Webb 0-0: Called Strike
Vincent Watson steals 2nd base
0-1: Foul Ball, location: 2F
0-2: Strikes out swinging
Batting: RHB Duane Hansen 0-0: Called Strike
0-1: Ball
1-1: Called Strike
1-2: Strikes out swinging
Top of the 9th over - 0 runs, 1 hit, 0 errors, 1 left on base; Colorado 8 - San Diego 4
BOTTOM OF THE 9TH
San Diego Padres batting - Pitching for Colorado Rockies : RHP Jeremy McNeil
Batting: RHB Justin Mills 0-0: Swinging Strike
0-1: Swinging Strike
0-2: Strikes out swinging
Batting: SHB Yoshitsune Ohara 0-0: Ball
1-0: Foul Ball, location: 2F
1-1: Foul Ball, location: 2F
1-2: Strikes out swinging
Batting: LHB António López 0-0: Ball
1-0: Fly out, F8 (Flyball, 8LM)
Bottom of the 9th over - 0 runs, 0 hits, 0 errors, 0 left on base; Colorado 8 - San Diego 4
Wednesday, September 18th, 2019 - OOTP Baseball 20.6 Build 54